Description

2 oracle macro

VOD

https://www.youtube.com/watch?v=UUzsfbhaqXo&t=554s

Replay - 2019-10-03 - (P)Harstem VS (Z)A.I. 1 (Very Easy)

Build Order

Get SALT Encoding   

  12  0:01  Probe  
  13  0:13  Probe  
  14  0:22  Pylon  
  14  0:25  Probe  
  15  0:36  Probe  
  16  0:44  Gateway, Probe  
  16  0:49  Assimilator  
  17  0:55  Probe  
  18  1:07  Probe  
  19  1:19  Probe  
  20  1:25  Nexus  
  20  1:33  Cybernetics Core  
  20  1:36  Probe  
  21  1:43  Assimilator  
  21  1:48  Probe  
  21  1:50  Pylon  
  22  2:00  Adept  
  26  2:21  Stalker  
  26  2:22  Stargate  
  30  2:40  Warp Gate  
  34  3:00  Oracle  
  41  3:22  Pylon  
  41  3:24  Gateway  
  42  3:31  Oracle  
  45  3:47  Assimilator x2  
  48  3:50  Pylon  
  50  3:56  Robotics Facility  
  51  4:07  Nexus  
  52  4:12  Pylon  
  54  4:26  Twilight Council, Forge  
  56  4:33  Sentry  
  60  4:42  Observer  
  61  4:50  Protoss Ground Weapons Level 1  
  63  4:52  Gateway x2  
  63  4:56  Sentry  
  66  5:04  Immortal  
  67  5:10  Charge  
  76  5:31  Templar Archives  
  76  5:34  Assimilator x2  
  81  5:44  Warp Prism  
  84  5:52  Gateway x2  
  86  6:00  Psionic Storm  
  86  6:02  Gateway x2  
  87  6:12  High Templar x2  
  87  6:14  Zealot  
  93  6:20  High Templar  
  95  6:26  Gateway x2  
  95  6:29  Photon Cannon  
  95  6:35  High Templar  
  97  6:45  Zealot x2  
  101  6:47  High Templar x2  
  101  6:48  Nexus  
  107  6:55  Archon  
  107  6:57  Zealot x2  
  111  7:04  Zealot x3  
  120  7:19  High Templar x2  
  120  7:22  Zealot x2  
  133  7:28  Archon  
Spawning Tool Build Advisor. Get it on Overwolf

Go to:

Details

  • Created by: joeypow
  • Published on: Oct 16, 2019
  • Modified on: Oct 16, 2019
  • Patch: 4.7.1
Show
View Real Time Build Order
Export as new Build Order

Comments (0)

There are no comments. Be the first!

Create an account to comment!